 Dungeon Crawl Stone Soup version 0.30-a0-1043-g60ff8d5f49 (webtiles) character file.

Game seed: 13950521116957897065

221 OrthodoxDeviant the Trooper (level 5, -6/47 HPs)
             Began as a Ghoul Gladiator on Apr 10, 2023.
             Killed from afar by Ijyb (7 damage)
             ... with a puff of flame
             ... on level 3 of the Dungeon.
             The game lasted 00:03:38 (2239 turns).

OrthodoxDeviant the Trooper (Ghoul Gladiator)       Turns: 2239, Time: 00:03:38

Health: -6/47      AC:  5    Str: 20    XL:     5   Next: 98%
Magic:  4/4        EV: 12    Int:  7    God:
Gold:   80         SH:  0    Dex: 10    Spells: 4/4 levels left

rFire   . . .      SeeInvis +    a - +0 war axe
rCold   + . .      Faith    .    (no shield)
rNeg    + + +      Spirit   .    t - +1 leather armour of Uhufewk Rain {rCorr Int+4}
rPois   ∞          Reflect  .    c - +0 helmet
rElec   .          Rampage  .    (no cloak)
rCorr   +                        (no gloves)
Will    .....                    (no boots)
Stlth   +                        (no amulet)
HPRegen 0.00/turn                u - ring of see invisible
MPRegen 0.09/turn                (no ring)

@: inhibited regen
A: claws 1, cold resistance 1, negative energy resistance 3, inhibited
regeneration, torment resistance 2, devour on kill
a: no special abilities


You were on level 3 of the Dungeon.
You visited 1 branch of the dungeon, and saw 3 of its levels.

You collected 80 gold pieces.

Inventory:

Hand Weapons
 a - a +0 war axe (weapon)
Missiles
 d - 3 throwing nets (quivered)
 e - a javelin
Armour
 c - a +0 helmet (worn)
 t - the +1 leather armour of Uhufewk Rain (worn) {rCorr Int+4}
   (You found it on level 3 of the Dungeon)

   Int:       It affects your intelligence (+4).
   rCorr:     It protects you from acid and corrosion.
Jewellery
 n - a ring of fire
 s - a ring of ice
 u - a ring of see invisible (left claw)
Scrolls
 g - a scroll of immolation {unknown}
 i - 3 scrolls of identify {unknown}
 j - 2 scrolls of poison {unknown}
 l - 3 scrolls of teleportation {unknown}
 m - a scroll of enchant weapon {unknown}
 o - a scroll of fog {unknown}
 r - 2 scrolls of blinking {unknown}
Potions
 b - 2 potions of brilliance {unknown}
 f - 2 potions of magic {unknown}
 h - a potion of ambrosia {unknown}
 k - a potion of haste {unknown}
 p - a potion of curing {unknown}
 q - a potion of heal wounds {unknown}


   Skills:
 + Level 4.9 Fighting
 + Level 4.5 Axes
 - Level 1.7 Throwing
 - Level 2.6 Dodging


You had 4 spell levels left.
You didn't know any spells.
Your spell library contained the following spells:

 Spells                   Type           Power      Damage    Failure   Level
 Poisonous Vapours        Pois/Air       0%         N/A       63%         2
 Inner Flame              Hex/Fire       0%         N/A       86%         3
 Mephitic Cloud           Conj/Pois/Air  0%         N/A       86%         3
 Freezing Cloud           Conj/Ice/Air   0%         6-21      100%        5
 Yara's Violent Unravell  Hex/Tmut       0%         3d3       100%        5
 Enfeeble                 Hex            0%         N/A       100%        7


Dungeon Overview and Level Annotations

Branches:
Dungeon (3/15)

Altars:
Ru

Shops:
D:2 *

Annotations:
D:3 Ijyb


Innate Abilities, Weirdness & Mutations

You are immune to poison.
You have sharp fingernails.
Your flesh is cold resistant. (rC+)
You are immune to negative energy. (rN+++)
You do not regenerate when monsters are visible.
You are immune to unholy pain and torment.
You thrive by killing the living.


Message History

You slash Ijyb!
Ijyb is severely wounded.
Ijyb hits you with a +0 club.
You completely miss Ijyb.
Ijyb is severely wounded.
Ijyb hits you with a +0 club. x2
You hit Ijyb.
Ijyb is severely wounded.
Ijyb zaps a wand.
The puff of flame hits you!
You hit Ijyb but do no damage.
Ijyb is severely wounded.
Ijyb hits you but does no damage.
You hit Ijyb but do no damage.
Ijyb is severely wounded.
Ijyb barely misses you. Ijyb hits you with a +0 club.
You hit Ijyb but do no damage.
Ijyb is severely wounded.
Ijyb zaps a wand.
The puff of flame hits you!
You are too injured to fight recklessly!
You are too injured to fight recklessly!
You are too injured to fight recklessly!
You are too injured to fight recklessly!
You closely miss Ijyb.
Ijyb is severely wounded.
Ijyb barely misses you.
You barely miss Ijyb.
Ijyb is severely wounded.
Ijyb zaps a wand.
The puff of flame hits you!
* * * LOW HITPOINT WARNING * * *
You hit Ijyb but do no damage.
Ijyb is severely wounded.
Ijyb barely misses you.
Ijyb zaps a wand.
The puff of flame hits you!
* * * LOW HITPOINT WARNING * * *
You barely miss Ijyb.
Ijyb is severely wounded.
Ijyb completely misses you.
You hit Ijyb.
Ijyb is almost dead.
Ijyb zaps a wand.
The puff of flame hits you!
You die...

≈≈≈≈≈≈≈.......#.##...[...#
##..
≈≈≈≈≈≈......>.............#
#.)
≈≈_....8...###.............
#.. ≈≈≈≈≈.....#
##...#.....#.. ##. ...
###.#........ #. ....
#.......##. #.
.....#####......# #.
......)....<....... #.
......)@.........#. ..
<..$..g##....##.## #..
##..... #.#..# .# ...
#..... ..#.....# ....
#..##........... .... ..
..........#.# ..... .
>............# .... ...


You could see Ijyb.

Vanquished Creatures
  A phantom (D:3)
  4 gnolls
  6 adders
  2 worms
  A dart slug (D:2)
  4 bats
  5 endoplasms
  4 giant cockroaches (D:2)
  5 goblins
  6 hobgoblins
  4 kobolds
  3 ball pythons
  4 frilled lizards
  4 rats
53 creatures vanquished.

Notes
Turn   | Place    | Note
-------+----------+-------------------------------------------
     0 | D:1      | OrthodoxDeviant the Ghoul Gladiator began the quest for the
                  | Orb.
     0 | D:1      | Reached XP level 1. HP: 17/17 MP: 0/0
    76 | D:1      | Reached XP level 2. HP: 25/25 MP: 1/1
   172 | D:1      | Found a faded altar of an unknown god.
   950 | D:2      | Reached XP level 3. HP: 31/31 MP: 2/2
  1294 | D:2      | Reached XP level 4. HP: 40/40 MP: 3/3
  1318 | D:2      | Found Laibbopn's Assorted Antiques.
  1544 | D:2      | Reached XP level 5. HP: 46/46 MP: 4/4
  1838 | D:3      | Found a sacrificial altar of Ru.
  1839 | D:3      | Identified the +1 leather armour of Uhufewk Rain {rCorr
                  | Int+4}
  1958 | D:3      | Noticed a phantom
  1975 | D:3      | HP: 2/46 [phantom (5)]
  1980 | D:3      | Killed a phantom
  2210 | D:3      | Noticed Ijyb
  2237 | D:3      | HP: 1/47 [Ijyb/puff of flame (8)]
  2239 | D:3      | Killed from afar by Ijyb

Illustrated notes

Levels and vault maps discovered:
D:1:      lemuel_arrival_funnel, layout_basic,
          shapermc_ecumenical_altar_totnotflames
D:2:      layout_rooms, serial_shops, nicolae_shop_hallway_stairs
D:3:      minmay_general_purpose_star, layout_rooms,
          mainiacjoe_overflow_catwalk, uniq_jessica, uniq_terence, uniq_ijyb

Skill      XL: |  1  2  3  4 |
---------------+-------------+-----
Axes           | 3 4 |  4.5
Fighting       | 3 4 |  4.9
Throwing       | |  1.7
Dodging        | |  2.6

Action                     |  1- 3 |  4- 6 || total
---------------------------+-------+-------++-------
  Melee: War axe           |   104 |    83 ||   187
         Punch             |     1 |     1 ||     2
  Throw: Throwing net      |       |     3 ||     3
 Armour: Leather armour    |    55 |    18 ||    73
  Dodge: Dodged            |    83 |    60 ||   143

Table legend: (Time is in decaauts)
 A = Elapsed time spent in this place.
 B = Non-inter-level travel time spent in this place.
 C = Inter-level travel time spent in this place.
 D = Time resting spent in this place.
 E = Time spent auto-exploring this place.
 F = Levels seen in this place.
 G = Mean time per level.
                   A        B        C        D        E       F      G
               +--------+--------+--------+--------+--------+-----+--------+
         Total |   2301 |   2059 |    242 |    224 |   1380 |   3 |  767.0 |
       Dungeon |   2301 |   2059 |    242 |    224 |   1380 |   3 |  767.0 |
               +--------+--------+--------+--------+--------+-----+--------+

Top non-repeatable levels by time:
     D:1: 1064 daAuts
     D:2: 803 daAuts
     D:3: 434 daAuts
